 Dungeon Crawl Stone Soup version 0.18-a0-1685-g4482fe3 (console) character file.

150 iafm the Firebug (level 5, -1/31 HPs)
             Began as a High Elf Fire Elementalist on Apr 5, 2016.
             Slain by Blork the orc
             ... wielding a +0 battleaxe
              (18 damage)
             ... on level 4 of the Dungeon.
             The game lasted 00:05:25 (2694 turns).

iafm the Firebug (High Elf Fire Elementalist)       Turns: 2694, Time: 00:05:26

Health: -1/31      AC:  3    Str:  7    XL:     5   Next: 10%
Magic:  7/10       EV: 13    Int: 19    God:
Gold:   207        SH:  0    Dex: 16    Spells: 3 memorised, 3 levels left

rFire  . . .     SeeInvis .     a - +3 dagger (venom)
rCold  . . .     Gourm    .     q - +0 robe
rNeg   + . .     Faith    .     (no shield)
rPois  .         Spirit   .     (no helmet)
rElec  .         Dismiss  .     e - +0 cloak
rCorr  .         Reflect  .     (no gloves)
SustAt .         Harm     .     (no boots)
MR     .....                    (no amulet)
Stlth  ++........               (no ring)
                                n - ring of positive energy

@: not resistant to hostile enchantments, unstealthy
A: no striking features
a: no special abilities


You were on level 4 of the Dungeon.
You were not hungry.

You visited 1 branch of the dungeon, and saw 4 of its levels.

You collected 207 gold pieces.


   Skills:
 - Level 2.1 Dodging
 - Level 2.1 Stealth
 + Level 2.8 Spellcasting
 * Level 4.1 Conjurations
 * Level 4.2 Fire Magic


You had 3 spell levels left.
You knew the following spells:

 Your Spells              Type           Power        Failure   Level  Hunger
f - Conjure Flame         Conj/Fire      ###.....     12%         3    ###....
w - Throw Flame           Conj/Fire      ###...       6%          2    ##.....
z - Flame Tongue          Conj/Fire      ###..        3%          1    None

Inventory:

Hand Weapons
 a - a +3 dagger of venom (weapon)
   (You found it on level 1 of the Dungeon)
 i - a +0 hunting sling
 w - a +2 falchion of draining
   (You found it on level 3 of the Dungeon)
Missiles
 f - 47 sling bullets
Armour
 e - a +0 cloak (worn)
 m - a +2 scale mail of magic resistance
   (You found it on level 1 of the Dungeon)
 q - a +0 robe (worn)
Jewellery
 n - a ring of positive energy (left hand)
Scrolls
 g - 2 scrolls of enchant weapon
 j - a scroll of identify {@r0}
 l - a scroll of enchant armour {unknown}
 v - a scroll of remove curse {@r9}
Potions
 d - 2 potions of flight {unknown}
 o - 2 potions of haste {unknown}
 p - 2 potions of curing {@q1}
 r - a potion of brilliance {unknown}
 s - a potion of invisibility {unknown}
 t - 2 potions of magic {unknown}
 u - a potion of berserk rage {unknown}
 A - a potion of heal wounds {unknown}
Books
 b - a book of Flames

   Spells                             Type                      Level
   a - Flame Tongue                   Conjuration/Fire             1
   b - Throw Flame                    Conjuration/Fire             2
   c - Conjure Flame                  Conjuration/Fire             3
   d - Inner Flame                    Hexes/Fire                   3
   e - Sticky Flame                   Conjuration/Fire             4
   f - Fireball                       Conjuration/Fire             5
Comestibles
 c - 4 bread rations {!e}
 k - a meat ration {!e}
 x - a royal jelly

Dungeon Overview and Level Annotations

Branches:
Dungeon (4/15)
 Temple: D:4-7

Altars:

Annotations:
D:3 yiuf
D:4 Blork the orc


Message History

You start resting.
Magic restored.
An orc and Blork the orc come into view.
The orc shouts!
You aren't carrying any items that can be evoked.
Drink which item? (? for menu, Esc to quit)
It was a potion of curing.
You feel better.
Read which item? (? for menu, Esc to quit)
As you read the scroll labeled GOT CECWAMA, it crumbles to dust.
It is a scroll of identify.
Identify which item? (\ to view known items) (? for menu, Esc to quit)
v - a scroll of remove curse Read which item? (? for menu, Esc to quit)
As you read the scroll labeled DEYCUU LIGH, it crumbles to dust.
It is a scroll of enchant weapon.
Enchant which weapon? (? for menu, Esc to quit)
Your +2 dagger of venom glows red for a moment.
Blork the orc gestures at you while chanting.
The puff of flame hits you!
Read which item? (? for menu, Esc to quit)
As you read the scroll labeled NUHOHY AGRYTEO, it crumbles to dust.
The scroll dissolves into smoke.
It was a scroll of fog.
Casting: Flame Tongue
Confirm with . or Enter, or press ? or * to list all spells.
Aiming: Flame Tongue
Press: ? - help, Shift-Dir - straight line, f - orc
Aim: an orc, wielding a hand axe (grey smoke)
The flame tongue hits the orc.
You kill the orc!
Blork the orc casts a spell at you. The magic dart hits you!
Press: ? - help, v - describe, . - travel
Here: Blork the orc, wielding a battleaxe and wearing a robe (grey smoke)
The floor.
Casting: Flame Tongue
Confirm with . or Enter, or press ? or * to list all spells.
Aiming: Flame Tongue
Press: ? - help, Shift-Dir - straight line, f - Blork the orc
Aim: Blork the orc, wielding a battleaxe and wearing a robe (grey smoke)
The flame tongue misses Blork the orc.
Casting: Flame Tongue
Confirm with . or Enter, or press ? or * to list all spells.
Aiming: Flame Tongue
Press: ? - help, Shift-Dir - straight line, f/p - Blork the orc
Aim: Blork the orc, wielding a battleaxe and wearing a robe (grey smoke)
The flame tongue hits Blork the orc.
Blork the orc is moderately wounded.
Blork the orc hits you with a battleaxe!!
Ouch! That really hurt!
You die...

#·····# ·
#·····# #·····#
#####·····# #
#·········###·#
#··§§§·········
#··§§§§§··o····
#·§§§§§§·······
#·§@o§§§·······
########·······
······· ····###
····# ······
····### ····#


You could see Blork the orc.

Notes
Turn   | Place    | Note
--------------------------------------------------------------
     0 | D:1      | iafm the High Elf Fire Elementalist began the quest for the Orb.
     0 | D:1      | Reached XP level 1. HP: 11/11 MP: 4/4
   235 | D:1      | Reached skill level 2 in Conjurations
   357 | D:1      | Reached XP level 2. HP: 17/17 MP: 4/6
   695 | D:1      | Reached XP level 3. HP: 19/21 MP: 3/7
   848 | D:1      | Reached skill level 3 in Conjurations
   870 | D:1      | Learned a level 2 spell: Throw Flame
   874 | D:1      | Learned a level 3 spell: Conjure Flame
  1686 | D:3      | Reached XP level 4. HP: 27/27 MP: 5/8
  2403 | D:3      | Reached skill level 4 in Conjurations
  2403 | D:3      | Reached skill level 4 in Fire Magic
  2518 | D:3      | Reached XP level 5. HP: 31/31 MP: 6/10
  2681 | D:4      | Noticed Blork the orc
  2694 | D:4      | Slain by Blork the orc

Table legend:
 A = Turns spent in this place as a percentage of turns spent in the entire game.
 B = Non-inter-level travel turns spent in this place as a percentage of non-inter-level travel turns spent in the entire game.
 C = Inter-level travel turns spent in this place as a percentage of turns spent in this place.
 D = Turns resting spent in this place as a percentage of non-inter-level travel turns spent in this place.
 E = Turns spent auto-exploring this place as a percentage of non-inter-level travel turns spent in this place.
 F = Non-inter-level travel turns spent in this place divided by the number of levels of this place that you've seen.
                   A       B       C       D       E      F
               +-------+-------+-------+-------+-------+----------------------
         Total | 100.0 | 100.0 |   0.7 |  11.3 |  12.2 | 152.0
       Dungeon | 100.0 | 100.0 |   0.7 |  11.3 |  12.2 | 152.0
               +-------+-------+-------+-------+-------+----------------------

Table legend:
 A = Kills in this place as a percentage of kills in entire the game.
 B = Kills by you in this place as a percentage of kills by you in the entire game.
 C = Kills by friends in this place as a percentage of kills by friends in the entire game.
 D = Other kills in this place as a percentage of other kills in the entire game.
 E = Experience gained in this place as a percentage of experience gained in the entire game.
 F = Experience gained in this place divided by the number of levels of this place that you have seen.
                   A       B       C       D       E      F
               +-------+-------+-------+-------+-------+----------------------
         Total | 100.0 | 100.0 |  -nan |  -nan | 100.0 |  53.8
       Dungeon | 100.0 | 100.0 |  -nan |  -nan | 100.0 |  53.8
               +-------+-------+-------+-------+-------+----------------------

Vanquished Creatures
  Monster Symbol All 'J'
  An ooze (D:3)
1 creature vanquished. All 'K' 8 kobolds
8 creatures vanquished. All 'S' 5 adders A ball python (D:2)
6 creatures vanquished. All 'b' 2 bats (D:2)
2 creatures vanquished. All 'g' 9 goblins 5 hobgoblins
14 creatures vanquished. All 'h' 4 jackals (D:1)
4 creatures vanquished. All 'l' 5 giant newts
5 creatures vanquished. All 'o' An orc wizard (D:3) 6 orcs
7 creatures vanquished. All 'r' A quokka (D:3) 4 rats
5 creatures vanquished. All 's' 2 giant cockroaches
2 creatures vanquished. All 'w' 4 dart slugs
4 creatures vanquished.
58 creatures vanquished. Monster Nature Natural Monsters An orc wizard (D:3) 5 adders An ooze (D:3) 4 dart slugs 6 orcs A ball python (D:2) 2 bats (D:2) 2 giant cockroaches 9 goblins 5 hobgoblins 4 jackals (D:1) 8 kobolds A quokka (D:3) 5 giant newts 4 rats
58 creatures vanquished.
58 creatures vanquished. Ascending Order An orc wizard (D:3) An ooze (D:3) A ball python (D:2) A quokka (D:3) 2 bats (D:2) 2 giant cockroaches 4 dart slugs 4 jackals (D:1) 4 rats 5 adders 5 hobgoblins 5 giant newts 6 orcs 8 kobolds 9 goblins
58 creatures vanquished.

Skill      XL: |  1  2  3  4 |
---------------+-------------+-----
Conjurations   | 2 3 4 |  4.1
Fire Magic     | 4 |  4.2
Dodging        | |  2.1
Stealth        | |  2.1
Spellcasting   | |  2.8

Action                   |  1- 3 |  4- 6 || total
-------------------------+-------+-------++-------
Melee: Dagger            |     6 |     4 ||    10
Throw: Stone             |     9 |       ||     9
 Cast: Flame Tongue      |    56 |    42 ||    98
       Throw Flame       |     1 |     4 ||     5
  Use: Scroll            |       |     3 ||     3
       Potion            |       |     1 ||     1
  Eat: Chunk             |     2 |     4 ||     6
